 Dungeon Crawl Stone Soup version 0.31-a0-151-ge443d1f16c (webtiles) character file.

Game seed: 11869807522659932776

189 qw the Shooter (level 5, -1/46 HPs)
             Began as a Minotaur Hunter on June 8, 2023.
             Slain by a steam dragon (3 damage)
             ... on level 6 of the Dungeon.
             The game lasted 00:01:00 (2763 turns).

qw the Shooter (Minotaur Hunter)                    Turns: 2763, Time: 00:01:01

Health: -1/46      AC:  5    Str: 16    XL:     5   Next: 40%
Magic:  4/4        EV: 11    Int:  6    God:
Gold:   148        SH:  0    Dex: 15    Spells: 4/4 levels left

rFire   . . .        Y - +0 shortbow (freeze)
rCold   . . .        (shield currently unavailable)
rNeg    . . .        d - +0 ring mail
rPois   +            (helmet restricted)
rElec   .            (no cloak)
rCorr   .            (no gloves)
SInv    .            (no boots)
Will    .....        (no amulet)
Stlth   +            a - ring of poison resistance
HPRegen 0.27/turn    (no ring)
MPRegen 0.09/turn

%: no passive effects
@: about to teleport
A: horns 2, retaliatory headbutt
a: no special abilities


You were on level 6 of the Dungeon.
You visited 1 branch of the dungeon, and saw 4 of its levels.

You collected 148 gold pieces.


Innate Abilities, Weirdness & Mutations

You have a pair of horns on your head.
You reflexively headbutt those who attack you in melee.


   Skills:
 - Level 4.3 Fighting
 + Level 6.4 Ranged Weapons
 - Level 1.5 Armour
 - Level 2.1 Dodging
 - Level 0.7 Stealth


You had 4 spell levels left.
You didn't know any spells.
Your spell library was empty.

Inventory:

Hand Weapons
 Y - a +0 shortbow of freezing (weapon)
Armour
 d - a +0 ring mail (worn)
Jewellery
 a - a ring of poison resistance (left hand)
 m - a +4 ring of protection
 p - an amulet of reflection
 q - a ring of resist corrosion
Scrolls
 b - 4 scrolls of identify
 j - a scroll of fear {unknown}
 k - a scroll of teleportation
Potions
 c - a potion of degeneration {unknown}
 e - a potion of mutation {unknown}
 f - a potion of invisibility {unknown}
 g - a potion of curing {unknown}
 h - a potion of lignification {unknown}
 i - a potion of magic {unknown}
 l - a potion of enlightenment {unknown}
 n - a potion of brilliance {unknown}
 o - 2 potions of attraction {unknown}

Dungeon Overview and Level Annotations

Branches:
Dungeon (3/15)

Altars:
Ashenzari
Elyvilon
Trog
Zin

Annotations:
D:1 2 transporters


Message History

Found a stone staircase leading down.
A shadow imp comes into view.
The shadow imp shouts, "Turn tail, thou cockered rump-fed swadder!"
You shoot an arrow. The arrow hits the shadow imp!
The shadow imp is severely wounded.
You shoot an arrow. The arrow barely misses the shadow imp.
The shadow imp gestures at you. Pain shoots through your body!
You shoot an arrow. The arrow hits the shadow imp.
You kill the shadow imp!
You start resting.
HP restored.
k - 2 scrolls of teleportation (gained 1)
Found 3 javelins.
You now have 148 gold pieces (gained 13).
A steam dragon comes into view.
The steam dragon hisses angrily.
The steam dragon breathes steam at you. The ball of steam hits you!!
The steam dragon moves out of view.
You hear an angry hiss.
2759 ||| Stepping ~*~*~tactically~*~*~ (cloud).
You shoot an arrow.
The arrow hits the steam dragon but does no damage.
An orc comes into view. It is wielding a +0 hand axe.
You shoot an arrow. The orc shouts!
The arrow hits the orc but does no damage.
You shoot an arrow.
The arrow barely misses the steam dragon.
The steam dragon breathes steam at you. The ball of steam hits you!
The orc hits you with a +0 hand axe.
You hear an angry hiss.
2763 ||| READING 2 scrolls of teleportation.
As you read the scroll of teleportation, it crumbles to dust.
You feel strangely unstable.
You are engulfed in a cloud of scalding steam.
A water moccasin comes into view.
The steam dragon closely misses you. You furiously retaliate!
You headbutt the steam dragon! The steam dragon claws you.
You die...

... ...# ... ...#
.......# #S#....#
##.#....# .......#
###D....# ##.@o#
########.¤###
#.......¤## ...#
#.######## . ...##
#..###.########..
#....
#..............#
#...
#...###.........#
#..#
.....###.........#
#..#
.................#
#..#


You could see a steam dragon (catching breath), a water moccasin and an orc.

Vanquished Creatures
  A hound (D:6)
  2 iguanas
  4 adders
  A shadow imp (D:6)
  2 worms
  A dart slug (D:3)
  6 ball pythons
  5 endoplasms
  A giant cockroach (D:2)
  4 goblins
  7 hobgoblins
  3 quokkas
  9 bats
  3 frilled lizards
  7 kobolds
  4 rats
60 creatures vanquished.

Notes
Turn   | Place    | Note
-------+----------+-------------------------------------------
     0 | D:1      | qw the Minotaur Hunter began the quest for the Orb.
     0 | D:1      | Reached XP level 1. HP: 18/18 MP: 0/0
     0 | D:1      | 0 ||| qw: Version: 0.2-a-120-gdf1a93b
     0 | D:1      | 0 ||| qw: Game counter: 3035
     0 | D:1      | 0 ||| qw: Always use a shield: true
     0 | D:1      | 0 ||| qw: God list: Okawaru
     0 | D:1      | 0 ||| qw: Allow faded altars: false
     0 | D:1      | 0 ||| qw: Do Orc after D:15 true
     0 | D:1      | 0 ||| qw: Do second Lair branch before Depths: true
     0 | D:1      | 0 ||| qw: Lair rune preference: random
     0 | D:1      | 0 ||| qw: Plans: Normal
     0 | D:1      | 0 ||| PLANNING D:1-11
   122 | D:1      | Reached XP level 2. HP: 25/25 MP: 1/1
   137 | D:1      | Reached skill level 5 in Ranged Weapons
   174 | D:1      | 174 ||| FLEEEEING.
   175 | D:1      | 175 ||| FLEEEEING.
   176 | D:1      | 176 ||| FLEEEEING.
   177 | D:1      | 177 ||| FLEEEEING.
   178 | D:1      | 178 ||| FLEEEEING.
   179 | D:1      | 179 ||| FLEEEEING.
   180 | D:1      | 180 ||| FLEEEEING.
   181 | D:1      | 181 ||| FLEEEEING.
   182 | D:1      | 182 ||| FLEEEEING.
   183 | D:1      | 183 ||| FLEEEEING.
   699 | D:1      | Reached skill level 3 in Fighting
   765 | D:1      | Found a faded altar of an unknown god.
   896 | D:1      | 896 ||| UPGRADING to +0 ring mail.
   906 | D:1      | 906 ||| DROPPING +0 leather armour.
   907 | D:1      | 907 ||| READING scroll labelled FEUZIE ZELEH.
   910 | D:1      | 910 ||| DROPPING scroll of butterflies.
   996 | D:2      | Reached skill level 1 in Armour
   996 | D:2      | Reached XP level 3. HP: 25/31 MP: 2/2
  1530 | D:2      | Found a bloodstained altar of Trog.
  1556 | D:2      | Reached XP level 4. HP: 27/38 MP: 3/3
  1556 | D:2      | 1556 ||| FLEEEEING.
  1557 | D:2      | 1557 ||| FLEEEEING.
  1558 | D:2      | 1558 ||| FLEEEEING.
  1559 | D:2      | 1559 ||| FLEEEEING.
  1560 | D:2      | 1560 ||| FLEEEEING.
  1898 | D:2      | 1898 ||| UPGRADING to ring of poison resistance.
  1899 | D:2      | 1899 ||| READING 2 scrolls labelled NALELE CASHUCS.
  1900 | D:2      | 1900 ||| READING 2 scrolls labelled WUPASK QAYWNE.
  1901 | D:2      | 1901 ||| READING scroll labelled TARRUGG CATATUEC.
  1902 | D:2      | 1902 ||| DROPPING scroll of magic mapping.
  2197 | D:3      | Reached skill level 6 in Ranged Weapons
  2249 | D:3      | Found a bloodstained altar of Trog.
  2252 | D:3      | Found a glowing silver altar of Zin.
  2265 | D:3      | Found a broken altar of Ashenzari.
  2275 | D:3      | Found a white marble altar of Elyvilon.
  2616 | D:3      | You fall into a shaft and drop 3 floors!
  2658 | D:6      | Reached XP level 5. HP: 46/46 MP: 4/4
  2758 | D:6      | Noticed a steam dragon
  2759 | D:6      | 2759 ||| Stepping ~*~*~tactically~*~*~ (cloud).
  2762 | D:6      | HP: 10/46 [steam dragon/ball of steam (15)]
  2763 | D:6      | 2763 ||| READING 2 scrolls of teleportation.
  2763 | D:6      | HP: 1/46 [steam dragon] (5)]
  2763 | D:6      | Noticed a water moccasin
  2763 | D:6      | Slain by a steam dragon

Levels and vault maps discovered:
D:1:      spicycebolla_arrival_transporter_tutorial, layout_basic,
          chequers_ecumenical_altar_lobes, minivault_14,
          hangedman_decor_diamond_cutter
D:2:      layout_loops_corners, basic_altar, feat_on_display
D:3:      layout_rooms, grunt_temple_overflow_cloverleaf, nicolae_hexahallways,
          kennysheep_pointless_box, kennysheep_cross_bottleneck, chequers_garden
D:6:      layout_rooms

Skill      XL: |  1  2  3  4 |
---------------+-------------+-----
Ranged Weapons | 5 6 |  6.4
Fighting       | 3 4 |  4.3
Armour         | 1 |  1.5
Dodging        | |  2.1
Stealth        | |  0.7

Action                     |  1- 3 |  4- 6 || total
---------------------------+-------+-------++-------
   Fire: Shortbow          |   140 |    68 ||   208
    Use: Scroll            |     1 |     4 ||     5
 Armour: Leather armour    |     9 |       ||     9
         Ring mail         |    10 |     4 ||    14
  Dodge: Dodged            |    36 |    19 ||    55

Table legend:
 A = Non-vault XP
 B = Vault XP
 C = Vault XP percentage of total XP
 D = Non-vault monster count
 E = Vault monster count
 F = Vault count percentage of total count
                 A         B        C        D         E       F
            +---------+---------+-------+---------+---------+-------
      Total |     271 |       0 |   0.0 |      60 |       0 |   0.0
            +---------+---------+-------+---------+---------+-------
        D:1 |      31 |       0 |   0.0 |      19 |       0 |   0.0
        D:2 |      78 |       0 |   0.0 |      27 |       0 |   0.0
        D:3 |      68 |       0 |   0.0 |      11 |       0 |   0.0
        D:6 |      94 |       0 |   0.0 |       3 |       0 |   0.0
            +---------+---------+-------+---------+---------+-------
